 Dungeon Crawl Stone Soup version 0.23-a0-650-ga4d50d4 (webtiles) character file.

35 zishaf the Grasshopper (level 3, 0/24 HPs)
             Began as a Halfling Warper on Jan 4, 2019.
             Was a Follower of Nemelex Xobeh.
             Slain by a starspawn tentacle (2 damage)
             ... attached to a tentacled starspawn
             ... on level 1 of the Abyss.
             The game lasted 00:04:10 (1013 turns).

zishaf the Grasshopper (Halfling Warper)            Turns: 1013, Time: 00:04:10

Health: 0/24       AC:  3    Str: 12    XL:     3   Next: 52%
Magic:  5/5        EV: 11    Int: 12    God:    Nemelex Xobeh [*.....]
Gold:   48         SH:  0    Dex: 13    Spells: 1/5 levels left

rFire    + . .     SeeInvis .   a - +0 short sword
rCold    x . .     Gourm    .   (shield restricted)
rNeg     + . .     Faith    .   b - +0 leather armour
rPois    .         Spirit   .   (no helmet)
rElec    .         Reflect  .   (no cloak)
rCorr    .         Harm     .   (no gloves)
MR       .....                  (no boots)
Stlth    +.........             (no amulet)
HPRegen  0.08/turn              c - ring of fire
MPRegen  0.09/turn              h - ring of positive energy

@: constricted
A: small, mutation resistance 1
a: Draw Escape, Draw Destruction, Draw Summoning, Renounce Religion


You were on level 1 of the Abyss.
You worshipped Nemelex Xobeh.
Nemelex Xobeh was aware of your devotion.
You were not hungry.

You visited 1 branch of the dungeon, and saw 2 of its levels.
You visited the Abyss 1 time.

You collected 48 gold pieces.

Inventory:

Hand Weapons
 a - a +0 short sword (weapon)
Missiles
 e - 5 tomahawks of dispersal (quivered)
 k - 71 stones
Armour
 b - a +0 leather armour (worn)
Jewellery
 c - a ring of fire (left hand)
 h - a ring of positive energy (right hand)
Scrolls
 d - a scroll of blinking
 g - a scroll of remove curse
 m - a scroll of amnesia {unknown}
 r - a scroll of identify {unknown}
Potions
 i - a potion of flight {unknown}
 l - a potion of lignification {unknown}
 n - a potion of cancellation {unknown}
 o - 2 potions of mutation
 p - a potion of might {unknown}
 q - a potion of berserk rage {unknown}
Comestibles
 f - 2 rations
 j - a chunk of flesh


   Skills:
 + Level 2.1 Fighting
 + Level 2.8 Short Blades
 - Level 1.0 Throwing
 - Level 1.3 Armour
 + Level 2.6 Dodging
 - Level 1.5 Spellcasting
 + Level 0.7 Charms
 * Level 3.6 Translocations
 + Level 0.4 Invocations


You had one spell level left.
You knew the following spells:

 Your Spells              Type           Power        Failure   Level  Hunger
a - Blink                 Tloc           N/A          12%         2    ###....
b - Shroud of Golubria    Chrm/Tloc      #.........   22%         2    ###....

Your spell library contained the following spells:

 Spells                   Type           Power        Failure   Level  Hunger
 Gell's Gravitas          Tloc           #.........   24%         3    ####...
 Lesser Beckoning         Tloc           #.........   24%         3    ####...
 Teleport Other           Tloc           #.......     24%         3    ####...
 Passage of Golubria      Tloc           N/A          63%         4    #####..


Dungeon Overview and Level Annotations

Branches:
Dungeon (2/15)

Altars:
Nemelex Xobeh


Innate Abilities, Weirdness & Mutations

You are small and have problems with some larger weapons.
You are somewhat resistant to further mutation.


Message History

You start resting.
A tentacled starspawn comes into view.
As you read the scroll labeled OXINKE YHOI, it crumbles to dust.
You feel as if something is helping you.
It was a scroll of remove curse.
A tentacle flies out from the starspawn's body!
A starspawn tentacle comes into view.
A starspawn tentacle comes into view.
The starspawn tentacle closely misses you. x2
There is an open door here.
The starspawn tentacle grabs you.
* * * LOW HITPOINT WARNING * * *
The starspawn tentacle constricts you.
The starspawn tentacle loses its grip on you.
The tentacle pulls you backwards!
A death drake comes into view.
The death drake hisses angrily.
The starspawn tentacle grabs you.
You die...
Your body disappears without a glow.

.. §... ##. #.###
##... .... ....
......# ..## #
.......## ##.##..
. #...X─####...# .
....#...──w@#.....
........####.....#
.......# # #.####
..#..##### ..# . .
... #k. ....# ..#
..#. ... . . #. .


You could see a tentacled starspawn, a death drake and a starspawn tentacle.

Vanquished Creatures
  An adder (D:2)
  An ooze (D:1)
  A dart slug (D:1)
  3 goblins (D:1)
  2 hobgoblins (D:1)
  5 kobolds (D:1)
  A ball python (D:1)
  4 bats
  A frilled lizard (D:1)
  3 rats (D:1)
22 creatures vanquished.

Vanquished Creatures (others)
  A ball lightning (D:2)
  A starspawn tentacle (Abyss:1)
2 creatures vanquished.

Grand Total: 24 creatures vanquished

Notes
Turn   | Place    | Note
-------+----------+-------------------------------------------
     0 | D:1      | zishaf the Halfling Warper began the quest for the Orb.
     0 | D:1      | Reached XP level 1. HP: 14/14 MP: 3/3
   149 | D:1      | Reached XP level 2. HP: 19/19 MP: 4/4
   153 | D:1      | Learned a level 2 spell: Blink
   156 | D:1      | Learned a level 2 spell: Shroud of Golubria
   193 | D:1      | Found a sparkling altar of Nemelex Xobeh.
   208 | D:1      | Became a worshipper of Nemelex Xobeh the Trickster
   265 | D:1      | Received a gift from Nemelex Xobeh
   462 | D:1      | Reached XP level 3. HP: 22/24 MP: 5/5
   583 | D:1      | Received a gift from Nemelex Xobeh
   896 | D:2      | Reached * piety under Nemelex Xobeh
   943 | D:2      | Cast into level 1 of the Abyss (drawing a card)
   958 | Abyss:1  | Noticed a ynoxinul
   962 | Abyss:1  | HP: 1/24 [poisoned by an adder]
  1006 | Abyss:1  | Noticed a tentacled starspawn
  1012 | Abyss:1  | Noticed a death drake
  1013 | Abyss:1  | Slain by a starspawn tentacle

Vault maps used:
D:1:      eino_arrival_cavern_e, kennysheep_minor_cross,
          nemelex_xobeh_ov_fountains_minmay
D:2:      first_ration, nicolae_ru_awakened_eye

Skill      XL: |  1  2 |
---------------+-------+-----
Fighting       | 2 |  2.1
Short Blades   | |  2.8
Throwing       | |  1.0
Armour         | |  1.3
Dodging        | |  2.6
Spellcasting   | |  1.5
Charms         | |  0.7
Translocations | |  3.6
Invocations    | |  0.4

Action                   || total
-------------------------++-------
Melee: Short sword       ||    63
 Abil: Draw Escape       ||     3
       Draw Destruction  ||     3
  Use: Scroll            ||     1
       Potion            ||     1
Armor: Leather armour    ||    23
Dodge: Dodged            ||    57

Table legend:
 A = Non-vault XP
 B = Vault XP
 C = Vault XP percentage of total XP
 D = Non-vault monster count
 E = Vault monster count
 F = Vault count percentage of total count
                 A         B        C        D         E       F
            +---------+---------+-------+---------+---------+-------
      Total |      50 |       0 |   0.0 |      22 |       0 |   0.0
            +---------+---------+-------+---------+---------+-------
        D:1 |      35 |       0 |   0.0 |      20 |       0 |   0.0
        D:2 |      15 |       0 |   0.0 |       2 |       0 |   0.0
            +---------+---------+-------+---------+---------+-------
